 Dungeon Crawl Stone Soup version 0.30-a0-777-ga9a30cb (webtiles) character file.

Game seed: 14722930381984421259

9087 Illumine the Basher (level 11, -1/71 HPs)
             Began as a Gargoyle Fighter on Feb 14, 2023.
             Was a Believer of the Shining One.
             Slain by a gargoyle
             ... wielding a +0 morningstar
              (12 damage)
             ... on level 11 of the Dungeon.
             The game lasted 00:23:42 (11015 turns).

Illumine the Basher (Gargoyle Fighter)             Turns: 11015, Time: 00:23:43

Health: -1/71      AC: 26    Str: 25    XL:     11   Next: 41%
Magic:  20/23      EV:  2    Int: 14    God:    the Shining One [**....]
Gold:   848        SH: 22    Dex:  9    Spells: 10/10 levels left

rFire   + . .      SeeInvis .    a - +1 flail
rCold   + . .      Faith    .    A - +0 tower shield
rNeg    + + .      Spirit   .    C - +0 gold dragon scales
rPois   ∞          Reflect  .    (no helmet)
rElec   +          Harm     .    p - +0 cloak
rCorr   .          Rampage  .    (no gloves)
Will    .....                    (no boots) Stlth
                                 (no amulet)
HPRegen 0.31/turn                k - ring of magical power
MPRegen 0.18/turn                D - +6 ring of intelligence

@: divinely shielded, glowing, studying Long Blades
A: sickness immunity, AC +8, negative energy resistance 1, electricity
resistance, torment resistance 1, petrification resistance
a: Renounce Religion, Divine Shield


You were on level 11 of the Dungeon.
You worshipped the Shining One.
The Shining One was pleased with you.
You visited 2 branches of the dungeon, and saw 12 of its levels.

You collected 874 gold pieces.
You spent 26 gold pieces at shops.

Inventory:

Hand Weapons
 a - a +1 flail (weapon)
 J - a +1 whip of electrocution
Missiles
 h - 5 datura-tipped darts
 j - 31 poisoned darts (quivered)
 q - 3 throwing nets
 y - 6 silver boomerangs
Armour
 c - a +0 buckler
 p - a +0 cloak (worn)
 v - a +0 chain mail
 A - a +0 tower shield (worn)
 C - +0 gold dragon scales (worn)
Jewellery
 k - a ring of magical power (left hand)
 o - a ring of ice
 r - a ring of ice
 D - a +6 ring of intelligence (right hand)
 I - a ring of wizardry
 K - an amulet of magic regeneration
Wands
 s - a wand of roots (1)
 B - a wand of polymorph (33)
 F - a wand of digging (1)
Scrolls
 b - 4 scrolls of teleportation
 d - a scroll of magic mapping
 i - a scroll of poison
 m - 4 scrolls of amnesia
 n - 5 scrolls of enchant weapon
 u - 5 scrolls of fog
 z - a scroll of acquirement {unknown}
 H - a scroll of blinking {unknown}
Potions
 e - 4 potions of flight
 f - a potion of lignification {unknown}
 g - 3 potions of cancellation
 l - a potion of heal wounds {unknown}
 t - 3 potions of curing
 w - a potion of mutation {unknown}
 x - 3 potions of degeneration {unknown}
 E - a potion of haste {unknown}
 G - a potion of brilliance {unknown}


   Skills:
 + Level 9.0 Fighting
 * Level 11.0 Maces & Flails
 + Level 9.0 Armour
 + Level 8.2 Shields
 - Level 5.0 Invocations
 - Level 2.0 Evocations


You had 10 spell levels left.
You didn't know any spells.
Your spell library contained the following spells:

 Spells                   Type           Power      Damage    Failure   Level
 Freeze                   Ice            0%         1d3       100%        1
 Magic Dart               Conj           0%         1d3       100%        1
 Passwall                 Tmut/Erth      0%         N/A       100%        2
 Searing Ray              Conj           0%         2d4       100%        2
 Call Canine Familiar     Summ           0%         N/A       100%        3
 Frozen Ramparts          Ice            0%         1d1       100%        3
 Hailstorm                Conj/Ice       0%         3d3       100%        3
 Ignite Poison            Fire/Tmut/Pois 0%         N/A       100%        3
 Portal Projectile        Hex/Tloc       0%         N/A       100%        3
 Stone Arrow              Conj/Erth      0%         3d7       100%        3
 Tukima's Dance           Hex            0%         N/A       100%        3
 Fulminant Prism          Conj/Hex       0%         3d5       100%        4
 Leda's Liquefaction      Hex/Erth       0%         N/A       100%        4
 Manifold Assault         Tloc           0%         N/A       100%        4
 Petrify                  Tmut/Erth      0%         N/A       100%        4
 Sticky Flame             Conj/Fire      0%         2d3       100%        4
 Blade Hands              Tmut           0%         N/A       100%        5
 Borgnjor's Vile Clutch   Necr/Erth      0%         N/A       100%        5
 Metabolic Englaciation   Hex/Ice        0%         N/A       100%        5
 Iron Shot                Conj/Erth      0%         9d1       100%        6
 Ignition                 Fire           0%         3d3       100%        8
 Statue Form              Tmut/Erth      Unusable   N/A       N/A         6

Dungeon Overview and Level Annotations

Branches:
Dungeon (11/15)            Temple (1/1) D:4
   Lair: D:8-11         Orc: D:9-12

Altars:
Ashenzari
Cheibriados
Elyvilon
Fedhas
Gozag
Hepliaklqana
Makhleb
Nemelex Xobeh
Okawaru
Qazlal
Ru
Sif Muna
Trog
Uskayaw
Vehumet
Wu Jian
Xom
Yredelemnul
Zin
The Shining One

Shops:
D:5 *   D:8 (

Annotations:
D:6 1 runed translucent door, Caterwaul's ghost, novice HuMo


Innate Abilities, Weirdness & Mutations

You are immune to sickness and miasma.
Your stone body is resilient. (AC +8)
You are immune to poison.
You resist negative energy. (rN+)
You are resistant to electric shocks. (rElec)
You are resistant to unholy torment.
You are immune to petrification.


Message History

You hit the gargoyle but do no damage.
The gargoyle hits you but does no damage.
You hit the gargoyle but do no damage.
The gargoyle hurls a stone arrow at you.
The stone arrow hits you!!
You whack the gargoyle!
The gargoyle is moderately damaged.
The gargoyle hits you but does no damage.
You hit the gargoyle.
The gargoyle is moderately damaged.
The gargoyle hurls a stone arrow at you.
The stone arrow hits you!
You hit the gargoyle but do no damage.
The gargoyle is moderately damaged.
The gargoyle hits you with a +0 morningstar.
You hit the gargoyle but do no damage.
The gargoyle is moderately damaged.
The gargoyle hurls a stone arrow at you.
You block the stone arrow.
Your +1 whip of electrocution stops crackling.
a - a +1 flail (weapon)
You sock the gargoyle!
The gargoyle is heavily damaged.
The gargoyle hits you but does no damage.
You hit the gargoyle but do no damage.
The gargoyle is heavily damaged.
The gargoyle hits you with a +0 morningstar.
* * * LOW HITPOINT WARNING * * *
You hit the gargoyle but do no damage.
The gargoyle is heavily damaged.
The gargoyle hits you with a +0 morningstar!!
* * * LOW HITPOINT WARNING * * *
The gargoyle hurls a stone arrow at you.
The stone arrow hits you but does no damage.
Your shield is strengthened by the Shining One's divine power.
The gargoyle hurls a stone arrow at you.
You block the stone arrow.
You feel better.
The gargoyle hits you with a +0 morningstar!
You die...

#####..........# #.....
#..†'..........# #.....
..OP..#.##..........# #.....
h.......##..........######.....
l.PP..####..........'....#.....
..P..# #..........####.'.....
....# #..........# ###.....
..## #####+###### #..... #@#
#..... #.9# #####+ #.## #. #.
.. .. ...


You could see a gargoyle.

Vanquished Creatures
  Pikel (D:4)
  A cyclops (D:10)
  Grinder (D:3)
  Sigmund (D:4)
  21 yaks
  A wraith (D:11)
  2 shadows (D:11)
  A basilisk (D:11)
  2 wyverns
  3 vampire mosquitoes (D:10)
  An orc warrior (D:8)
  3 ice beasts
  An ogre (D:6)
  3 black bears
  A sky beast (D:6)
  A phantom (D:5)
  6 centaurs
  3 lemures (D:4)
  5 kobold brigands
  3 bullfrogs
  A gnoll sergeant (D:8)
  2 necrophages (D:5)
  3 scorpions
  3 wights (D:7)
  9 killer bees
  A jelly (D:5)
  3 howler monkeys
  2 hounds
  A gnoll bouda (D:8)
  An orc priest (D:8)
  Terence (D:3)
  2 iguanas (D:5)
  3 orc wizards
  Natasha (twice) (D:2)
  Ijyb (D:3)
  21 gnolls
  4 adders
  A shadow imp (D:7)
  2 white imps
  4 ufetubi
  2 dart slugs
  17 orcs
  8 endoplasms
  5 giant cockroaches
  5 goblins
  4 hobgoblins
  4 quokkas
  5 ball pythons
  11 bats
  7 frilled lizards
  46 kobolds
  6 rats
248 creatures vanquished.

Vanquished Creatures (others)
  A fungus (D:11)
  5 toadstools (D:1)
6 creatures vanquished.

Grand Total: 254 creatures vanquished

Notes
Turn   | Place    | Note
-------+----------+-------------------------------------------
     0 | D:1      | Illumine the Gargoyle Fighter began the quest for the Orb.
     0 | D:1      | Reached XP level 1. HP: 14/14 MP: 1/1
   328 | D:1      | Reached XP level 2. HP: 19/19 MP: 2/2
  1162 | D:2      | Reached XP level 3. HP: 23/23 MP: 3/3
  1312 | D:2      | Noticed Natasha
  1319 | D:2      | Killed Natasha
  1320 | D:2      | Reached skill level 3 in Maces & Flails
  1320 | D:2      | Reached XP level 4. HP: 29/29 MP: 4/4
  1527 | D:2      | Noticed Natasha
  1533 | D:2      | Killed Natasha
  1630 | D:3      | Noticed Ijyb
  1646 | D:3      | Killed Ijyb
  1647 | D:3      | Reached XP level 5. HP: 23/33 MP: 5/5
  1812 | D:3      | Noticed Terence
  1827 | D:3      | Killed Terence
  1828 | D:3      | Reached skill level 4 in Maces & Flails
  2112 | D:3      | Noticed Grinder
  2126 | D:3      | Killed Grinder
  2127 | D:3      | Reached XP level 6. HP: 30/40 MP: 6/6
  2527 | D:4      | Found a staircase to the Ecumenical Temple.
  2533 | Temple   | Entered the Ecumenical Temple
  2791 | Temple   | Became a worshipper of the Shining One
  2875 | D:4      | Reached skill level 5 in Maces & Flails
  2939 | D:4      | Reached XP level 7. HP: 44/44 MP: 7/7
  3045 | D:4      | Noticed Sigmund
  3065 | D:4      | Killed Sigmund
  3066 | D:4      | Reached skill level 5 in Fighting
  3066 | D:4      | Reached skill level 5 in Armour
  3066 | D:4      | Reached skill level 1 in Invocations
  3066 | D:4      | Reached skill level 1 in Evocations
  3209 | D:4      | Noticed Pikel
  3217 | D:5      | Entered Level 5 of the Dungeon
  3223 | D:5      | Found a sacrificial altar of Ru.
  3393 | D:5      | Reached XP level 8. HP: 44/50 MP: 9/9
  3408 | D:5      | Reached skill level 6 in Maces & Flails
  3594 | D:5      | Found Ytuf's Elemental Accessories.
  3603 | D:5      | Bought a scroll of identify for 26 gold pieces
  3816 | D:5      | Reached * piety under the Shining One
  4105 | D:5      | Reached skill level 7 in Maces & Flails
  4117 | D:5      | Reached skill level 5 in Shields
  4386 | D:5      | Reached XP level 9. HP: 38/55 MP: 11/11
  4754 | D:6      | Got the Elucidation of Tephra and Shifting
  4839 | D:6      | Found a runed translucent door.
  4839 | D:6      | Noticed Caterwaul's ghost (novice HuMo)
  5584 | D:7      | Reached skill level 8 in Maces & Flails
  5708 | D:7      | Found a basalt altar of Yredelemnul.
  5722 | D:7      | Found a white marble altar of Elyvilon.
  6057 | D:7      | Reached ** piety under the Shining One
  6124 | D:7      | Found a stormy altar of Qazlal.
  6366 | D:8      | Found a blossoming altar of Fedhas.
  6823 | D:8      | Reached XP level 10. HP: 35/63 MP: 13/13
  7006 | D:8      | Found a hide-covered altar of Uskayaw.
  7287 | D:8      | Found Uroom's Weapon Shoppe.
  7725 | D:9      | Reached skill level 9 in Maces & Flails
  7732 | D:9      | Reached skill level 5 in Invocations
  8109 | D:9      | Found a shimmering blue altar of Sif Muna.
  8232 | D:9      | Found a hazy altar of Hepliaklqana.
  8232 | D:9      | Found a glowing silver altar of Zin.
  9236 | D:10     | Entered Level 10 of the Dungeon
  9509 | D:4      | Killed Pikel
  9510 | D:4      | Reached skill level 10 in Maces & Flails
  9596 | D:4      | Found a snail-covered altar of Cheibriados.
 10265 | D:10     | Reached XP level 11. HP: 69/69 MP: 14/14
 10454 | D:10     | Noticed a skeletal warrior
 10458 | D:10     | Noticed a skeletal warrior
 10458 | D:10     | Noticed a skeletal warrior
 10489 | D:10     | Noticed a cyclops
 10497 | D:10     | Killed a cyclops
 10952 | D:11     | Reached skill level 11 in Maces & Flails
 10992 | D:11     | Noticed a two-headed ogre
 11013 | D:11     | HP: 3/71 [gargoyle/+0 morningstar (19)]
 11015 | D:11     | Slain by a gargoyle

Illustrated notes

Levels and vault maps discovered:
D:1:      minmay_arrival_five_plusses, layout_loops_corners,
          serial_bayou_pond_e, minmay_gold_behind_fungi
D:2:      layout_basic, uniq_natasha
D:3:      layout_loops_ring, uniq_ijyb, uniq_terence, uniq_grinder
D:4:      layout_basic, general_overflow_altar, minmay_temple_entry_grid,
          wad_orctagon, uniq_pikel, uniq_sigmund
D:5:      minmay_goblin_kobold_castle, layout_rooms,
          nicolae_ru_great_annihilating_truth, nicolae_elemental_shop,
          chequers_decorated_corner, minmay_liquid_box,
          kennysheep_generic_room_11
D:6:      layout_gridville, hellmonk_ghost_happy_afterlife, amethyst_killhole
D:7:      layout_loops_corners, amcnicky_altar_gilded,
          mainiacjoe_overflow_alcove_4, overflow_temple_1_default
D:8:      layout_gridville, nicolae_uskayaw_suspiria, fedhas_altar_fruit_tree,
          serial_shops, nicolae_shop_bloodbath_and_beyond, minmay_manual_mares
D:9:      layout_grid_maze, nicolae_sif_muna_condensation, minitemple
D:10:     layout_rooms, wad_scary_box, uniq_maurice
D:11:     layout_roguey, david_lair_generic, uniq_nergalle
Temple:   minmay_temple_forest_path

Skill      XL: |  1  2  3  4  5  6  7  8  9 10 11 |
---------------+----------------------------------+-----
Maces & Flails | 3 4 5 7 8 10 11 | 11.0
Fighting       | 4 5 6 7 8 9 |  9.0
Armour         | 4 5 6 7 8 9 |  9.0
Shields        | 4 5 6 7 8 |  8.2
Invocations    | 2 3 4 5 |  5.0
Evocations     | 1 2 |  2.0

Action                     |  1- 3 |  4- 6 |  7- 9 | 10-12 || total
---------------------------+-------+-------+-------+-------++-------
  Melee: Flail             |    88 |   103 |   394 |   120 ||   705
         Whip              |       |       |       |   302 ||   302
  Throw: Dart              |       |     1 |     9 |       ||    10
 Invoke: Divine Shield     |       |       |       |     6 ||     6
  Evoke: Wand              |       |     3 |     3 |       ||     6
    Use: Scroll            |     3 |     4 |     4 |     4 ||    15
         Potion            |       |     1 |       |     1 ||     2
 Armour: Scale mail        |    50 |    50 |       |       ||   100
         Chain mail        |       |    16 |   292 |       ||   308
         Gold dragon scale |       |       |    71 |   232 ||   303
  Dodge: Dodged            |    32 |    57 |    92 |     9 ||   190
  Block: Buckler           |    19 |    22 |     1 |       ||    42
         Tower shield      |       |       |   365 |   267 ||   632

Table legend: (Time is in decaauts)
 A = Elapsed time spent in this place.
 B = Non-inter-level travel time spent in this place.
 C = Inter-level travel time spent in this place.
 D = Time resting spent in this place.
 E = Time spent auto-exploring this place.
 F = Levels seen in this place.
 G = Mean time per level.
                   A        B        C        D        E       F      G
               +--------+--------+--------+--------+--------+-----+--------+
         Total |  11256 |  10641 |    615 |   2057 |   6113 |  12 |  938.0 |
       Dungeon |  10941 |  10392 |    549 |   2057 |   5886 |  11 |  994.6 |
        Temple |    315 |    249 |     66 |      0 |    227 |   1 |  315.0 |
               +--------+--------+--------+--------+--------+-----+--------+

Top non-repeatable levels by time:
     D:9: 1786 daAuts
     D:5: 1364 daAuts
     D:8: 1289 daAuts
     D:1: 1141 daAuts
     D:4: 1061 daAuts
     D:7: 1028 daAuts
     D:6: 1015 daAuts
     D:3: 830 daAuts
    D:10: 692 daAuts
     D:2: 531 daAuts
  Temple: 315 daAuts
    D:11: 198 daAuts
